 Dungeon Crawl Stone Soup version 0.26.1-2-gb8aa6d0cf2 (webtiles) character file.

Game seed: 17393412026287683236

4455 windgrace the Destroyer (level 10, 0/84 HPs)
             Began as a Deep Elf Fire Elementalist on Feb 16, 2021.
             Was an Initiate of Vehumet.
             Slain by a yak (5 damage)
             ... on level 9 of the Dungeon.
             The game lasted 00:47:45 (10077 turns).

windgrace the Destroyer (DEFE)                     Turns: 10077, Time: 00:47:48

Health: 0/84       AC: 25    Str:  5    XL:     10   Next: 15%
Magic:  13/22      EV:  2    Int: 24    God:    Vehumet [......]
Gold:   457        SH:  5    Dex: 15    Spells: 8/23 levels left

rFire    x . .     SeeInvis .   R - +5 short sword (elec)
rCold    + . .     Faith    .   j - +0 buckler
rNeg     + + +     Spirit   .   (armour currently unavailable)
rPois    +         Reflect  .   (helmet currently unavailable)
rElec    .         Harm     .   (cloak currently unavailable)
rCorr    .         Rampage  .   (gloves currently unavailable)
Will     +....     NoTele   +   (boots currently unavailable)
Stlth    ++++......             P - amulet of magic regeneration
HPRegen  0.24/turn              g - ring of ice
MPRegen  0.43/turn              W - ring of stealth

@: tree-form
A: no striking features
a: Renounce Religion


You were on level 9 of the Dungeon.
You worshipped Vehumet.
Vehumet was noncommittal.
You were a tree.
You visited 2 branches of the dungeon, and saw 10 of its levels.
You also visited: Sewer.

You collected 457 gold pieces.

Inventory:

Hand Weapons
 L - a +4 quarterstaff of chaos
 R - a +5 short sword of electrocution (weapon)
Missiles
 x - 42 poisoned darts
 F - 6 atropa-tipped darts
Armour
 a - a +2 robe of the Archmagi (melded)
 e - a +2 pair of gloves
 j - a +0 buckler (worn)
 k - a +0 helmet (melded)
 p - a +0 troll leather armour {Purgy}
 v - a +0 ring mail of cold resistance
 E - a +0 pair of boots (melded)
 M - a +0 cloak (melded)
 V - a +0 pair of gloves (melded)
 Y - +0 steam dragon scales
Magical Staves
 Q - an uncursed staff of cold
Jewellery
 g - a ring of ice (left branch)
 G - a +6 ring of strength
 P - an amulet of magic regeneration (around neck)
 W - a ring of stealth (right branch)
Wands
 i - a wand of iceblast (9)
 l - a wand of random effects (21)
Scrolls
 d - 5 scrolls of identify
 f - a scroll of blinking {unknown}
 h - 4 scrolls of amnesia {unknown}
 q - 3 scrolls of teleportation {unknown}
 s - 2 scrolls of fog {unknown}
 t - 5 scrolls of fear
 u - 2 scrolls of magic mapping {unknown}
 w - 2 scrolls of enchant armour {unknown}
 y - 2 scrolls of summoning {unknown}
 B - 5 scrolls of remove curse {unknown}
 D - a scroll of enchant weapon {unknown}
 H - 3 scrolls of immolation {unknown}
 J - a scroll of vulnerability {unknown}
 U - a scroll of noise {unknown}
Potions
 c - 2 potions of haste {unknown}
 m - 4 potions of might
 n - a potion of attraction {unknown}
 o - 3 potions of heal wounds {unknown}
 r - 2 potions of flight
 z - a potion of degeneration {unknown}
 A - a potion of mutation {unknown}
 C - 2 potions of lignification
 T - 2 potions of resistance {unknown}
 X - a potion of brilliance {unknown}


   Skills:
 - Level 4.0 Fighting
 - Level 4.0 Short Blades
 - Level 5.0 Dodging
 - Level 5.0 Stealth
 - Level 4.0 Shields
 - Level 7.0 Spellcasting
 - Level 8.0 Conjurations
 - Level 5.0 Hexes
 + Level 7.3 Fire Magic


You had 8 spell levels left.
You knew the following spells:

 Your Spells              Type           Power        Failure   Level
a - Foxfire               Conj/Fire      100%         1%          1
b - Conjure Flame         Conj/Fire      45%          1%          3
c - Inner Flame           Hex/Fire       37%          1%          3
d - Fireball              Conj/Fire      22%          9%          5
e - Tukima's Dance        Hex            32%          2%          3

Your spell library contained the following spells:

 Spells                   Type           Power        Failure   Level
 Corona                   Hex            35%          1%          1
 Dazzling Flash           Conj/Hex       78%          1%          3
 Confusing Touch          Hex            32%          2%          3
 Ensorcelled Hibernation  Hex/Ice        60%          3%          2
 Sticky Flame             Conj/Fire      45%          3%          4
 Summon Small Mammal      Summ           32%          7%          1
 Summon Guardian Golem    Hex/Summ       20%          8%          3
 Call Imp                 Summ           8%           11%         2
 Call Canine Familiar     Summ           8%           22%         3
 Summon Ice Beast         Ice/Summ       12%          56%         4
 Summon Lightning Spire   Summ/Air       8%           56%         4


Dungeon Overview and Level Annotations

Branches:
Dungeon (9/15)             Temple (1/1) D:6           Sewer (visited)
   Lair: D:8-11         Orc: D:9-12

Altars:
Ashenzari
Dithmenos
Fedhas
Gozag
Hepliaklqana
Kikubaaqudgha
Makhleb
Nemelex Xobeh
Okawaru
Qazlal
Ru
Sif Muna
Trog
Uskayaw
Vehumet
Wu Jian
Xom
Yredelemnul
Zin
The Shining One

Shops:
D:5 (


Message History

Casting: Foxfire (safe; 1% risk of failure)
Confirm with . or Enter, or press ? or * to list all spells.
You conjure some foxfire!
The yak gores you.
* * * LOW HITPOINT WARNING * * *
The yak gores you but does no damage.
Casting: Foxfire (safe; 1% risk of failure)
Confirm with . or Enter, or press ? or * to list all spells.
You conjure some foxfire!
The foxfire hits the yak.
The yak is lightly wounded.
The foxfire hits the yak.
The yak is lightly wounded.
The yak gores you but does no damage. The yak gores you!
* * * LOW HITPOINT WARNING * * *
It was a potion of flight.
Your roots keep you in place.
The foxfire hits the yak.
The yak is heavily wounded.
The foxfire hits the yak!
The yak is severely wounded.
The yak gores you.
You die...

#..##########
########....).......
..............).....
.........##.########
######...##.## #...##..###
#...#.....### .
#........Y.§# ..
#........†♣.# ####.Y
#...#.#..#Y## ....F.
#.........F.# ......
#...........# ......
....#.....###########...8..
.............YYY..†.......
###################......
...... #####.


You could see 2 yaks and a bullfrog.

Vanquished Creatures
  Maggie (D:7)
  A polar bear (D:9)
  Prince Ribbit (D:8)
  4 yaks (D:9)
  Edmund (D:6)
  Duvessa (D:7)
  An orc warrior (D:6)
  Purgy (Sewer)
  6 ice beasts
  A phantom (D:6)
  A black bear (D:9)
  A necrophage (D:8)
  3 ogres
  2 centaurs
  A big kobold (D:8)
  A gnoll sergeant (D:7)
  2 bullfrogs
  Dowan (D:7)
  A scorpion (D:5)
  2 howler monkeys
  A quasit (D:8)
  Crazy Yiuf (D:6)
  4 orc priests
  2 bullfrog skeletons (D:8)
  A jelly (D:6)
  8 orc wizards
  An iguana (D:5)
  4 worker ants
  A killer bee zombie (D:8)
  A worker ant zombie (D:7)
  13 gnolls
  14 adders
  3 white imps
  A worker ant simulacrum (D:9)
  2 ufetubi
  An adder skeleton (D:7)
  5 worms
  3 dart slugs
  9 leopard geckos
  30 orcs
  A ball python (D:2)
  5 bats
  9 giant cockroaches
  6 hobgoblins
  25 jackals
  3 quokkas
  9 frilled lizards
  10 goblins
  A jackal skeleton (D:8)
  12 kobolds
  A quokka skeleton (D:6)
  7 rats
227 creatures vanquished.

Vanquished Creatures (others)
  794 foxfires
794 creatures vanquished.

Grand Total: 1021 creatures vanquished

Notes
Turn   | Place    | Note
-------+----------+-------------------------------------------
     0 | D:1      | windgrace the Deep Elf Fire Elementalist began the quest
                  | for the Orb.
     0 | D:1      | Reached XP level 1. HP: 10/10 MP: 6/6
   310 | D:1      | Reached XP level 2. HP: 12/15 MP: 6/9
   467 | D:1      | Reached skill level 2 in Conjurations
   717 | D:1      | Reached XP level 3. HP: 19/19 MP: 8/10
   721 | D:1      | Learned a level 3 spell: Conjure Flame
   725 | D:1      | Learned a level 3 spell: Inner Flame
  1328 | D:2      | Reached skill level 3 in Conjurations
  1627 | D:2      | Found a shadowy altar of Dithmenos.
  1912 | D:2      | Reached XP level 4. HP: 24/24 MP: 9/12
  2273 | D:2      | Reached skill level 4 in Conjurations
  2300 | D:2      | You fall into a shaft and drop 1 floor!
  2330 | D:3      | Found a glowing drain.
  2477 | Sewer    | Entered a sewer
  2492 | Sewer    | Noticed Purgy
  2499 | Sewer    | Killed Purgy
  2500 | Sewer    | Reached XP level 5. HP: 22/28 MP: 5/13
  3177 | D:3      | Found a faded altar of an unknown god.
  3848 | D:4      | Reached XP level 6. HP: 32/32 MP: 4/14
  4712 | D:4      | Reached skill level 1 in Fighting
  4885 | D:5      | Entered Level 5 of the Dungeon
  5204 | D:5      | Reached XP level 7. HP: 40/40 MP: 11/15
  5311 | D:5      | Found Pufaic's Weapon Boutique.
  5424 | D:5      | Found an ornate altar of the Wu Jian Council.
  6029 | D:6      | Found a staircase to the Ecumenical Temple.
  6038 | Temple   | Entered the Ecumenical Temple
  6218 | D:6      | Found a runed translucent door.
  6219 | D:6      | Noticed Crazy Yiuf
  6237 | D:6      | Killed Crazy Yiuf
  6289 | D:6      | Noticed Edmund
  6307 | D:6      | Killed Edmund
  6308 | D:6      | Reached skill level 5 in Conjurations
  6308 | D:6      | Reached XP level 8. HP: 10/47 MP: 0/16
  6411 | D:6      | Found a sacrificial altar of Ru.
  6459 | D:6      | Learned a level 5 spell: Fireball
  6486 | D:6      | Reached skill level 6 in Conjurations
  6637 | D:6      | Found a blossoming altar of Fedhas.
  6690 | D:6      | Found a basalt altar of Yredelemnul.
  6888 | D:6      | Reached skill level 5 in Fire Magic
  7024 | D:6      | Found an iron altar of Okawaru.
  7534 | D:7      | Noticed Dowan
  7536 | D:7      | Noticed Duvessa
  7538 | D:7      | Killed Dowan
  7539 | D:7      | Reached skill level 5 in Spellcasting
  7545 | D:7      | Killed Duvessa
  7883 | D:7      | Found a hide-covered altar of Uskayaw.
  7958 | D:7      | Noticed Maggie
  7973 | D:7      | Killed Maggie
  7974 | D:7      | Reached skill level 5 in Dodging
  7974 | D:7      | Reached XP level 9. HP: 43/52 MP: 18/21
  8376 | D:8      | Noticed Prince Ribbit
  8385 | D:8      | Killed Prince Ribbit
  8711 | D:8      | Reached skill level 5 in Stealth
  8874 | D:8      | Reached skill level 7 in Conjurations
  8895 | D:8      | Found an ancient bone altar of Kikubaaqudgha.
  9557 | D:9      | Found a glowing silver altar of Zin.
  9557 | D:9      | Found a radiant altar of Vehumet.
  9557 | D:9      | Found a hazy altar of Hepliaklqana.
  9571 | D:9      | Became a worshipper of Vehumet
  9584 | D:9      | Noticed a polar bear
  9588 | D:9      | Reached skill level 8 in Conjurations
  9588 | D:9      | Reached skill level 1 in Hexes
  9604 | D:9      | Killed a polar bear
  9776 | D:9      | Reached skill level 5 in Hexes
  9776 | D:9      | Reached XP level 10. HP: 34/56 MP: 18/22
  9780 | D:9      | Learned a level 3 spell: Tukima's Dance
 10069 | D:9      | HP: 3/84 [yak (6)]
 10076 | D:9      | HP: 4/84 [yak (7)]
 10077 | D:9      | Slain by a yak

Illustrated notes

Levels and vault maps discovered:
D:1:      kilobyte_arrival_exit_the_forest, layout_rooms
D:2:      layout_loops_ring, nicolae_dithmenos_shadow_blocks,
          corexii_hall_statues_u
D:3:      layout_basic, gup_sewer_entry_pipe, chequers_ecumenical_altar_simple,
          roderic_roman_lattice
D:4:      layout_basic
D:5:      layout_loops_ring, nzn_wu_jian_council_hall, serial_shops,
          nicolae_shop_waterfront, lightli_corner_chamber
D:6:      minmay_skewed_foursquare, layout_basic, lemuel_coloured_pillars_altar,
          general_overflow_altar, nicolae_overflow_hidden_temple,
          nicolae_ru_awakened_eye, uniq_crazy_yiuf_cottage, uniq_edmund
D:7:      layout_gridville, old_standard_altar, uniq_duvessa, uniq_maggie
D:8:      layout_basic, old_standard_altar, uniq_prince_ribbit1
D:9:      minmay_the_grid_4x2 [minmay_the_grid_slots, minmay_the_grid_tri_star,
          minmay_the_grid_spikes, minmay_the_grid_odd_star, minmay_the_grid_fan,
          minmay_the_grid_dragon_a, minmay_the_grid_outer_diamond,
          minmay_the_grid_prize_inner_circle], layout_long_grid,
          kennysheep_mini, gammafunk_temple_overflow_claw, slow_altar_1,
          lair_entry_dummy, hiddenorc2_lemuel, serial_ice, serial_ice_n,
          serial_ice_h, serial_ice_l, serial_ice_f, serial_shops,
          nicolae_shop_stone, kennysheep_nub
Temple:   cyrus_temple_forest

Skill      XL: |  1  2  3  4  5  6  7  8  9 10 |
---------------+-------------------------------+-----
Spellcasting   | 4 7 |  7.0
Conjurations   | 2 3 4 5 6 8 |  8.0
Shields        | 2 3 4 |  4.0
Fire Magic     | 4 6 7 |  7.3
Fighting       | 2 4 |  4.0
Dodging        | 5 |  5.0
Short Blades   | 2 4 |  4.0
Stealth        | 5 |  5.0
Hexes          | 5 |  5.0

Action                   |  1- 3 |  4- 6 |  7- 9 | 10-12 || total
-------------------------+-------+-------+-------+-------++-------
Melee: Unarmed           |    10 |       |       |       ||    10
       Short sword       |     3 |       |    46 |    12 ||    61
       Whip              |       |    27 |    27 |       ||    54
       Dagger            |       |     4 |       |       ||     4
 Cast: Foxfire           |    72 |   134 |   250 |    21 ||   477
       Conjure Flame     |     2 |     1 |       |       ||     3
       Inner Flame       |       |     3 |       |       ||     3
       Fireball          |       |       |    12 |     5 ||    17
  Use: Scroll            |       |     2 |     1 |       ||     3
       Potion            |       |     1 |     1 |     6 ||     8
 Stab: Distracted        |       |     1 |       |       ||     1
       Sleeping          |       |       |     2 |       ||     2
Armor: Robe              |     5 |     5 |     9 |     2 ||    21
       Troll leather arm |       |    14 |    27 |       ||    41
       Steam dragon scal |       |       |     7 |       ||     7
       Skin              |       |       |     5 |    17 ||    22
Dodge: Dodged            |    26 |    20 |    82 |     6 ||   134
Block: Buckler           |       |     1 |    37 |     9 ||    47
